 Dungeon Sprint DCSS version 0.27-a0-109-g416527ed24 (webtiles) character file.

Game seed: 16845295122502051249

21 mhtbhm the Insei (level 2, 0/33 HPs)
             Began as a Merfolk Transmuter on Jan 24, 2021.
             Was an Initiate of Sif Muna.
             Slain by a vampire (2 damage)
             ... in the Dungeon (Sprint IX: "|||||||||||||||||||||||||||||").
             The game lasted 00:01:14 (418 turns).

mhtbhm the Insei (Merfolk Transmuter)                Turns: 418, Time: 00:01:15

Health: 0/33       AC:  6    Str: 10    XL:     2   Next: 87%
Magic:  3/5        EV: 14    Int: 12    God:    Sif Muna [......]
Gold:   0          SH:  0    Dex: 17    Spells: 3/6 levels left

rFire    . . .     SeeInvis .     - Unarmed
rCold    . . .     Faith    .   (no shield)
rNeg     . . .     Spirit   .   a - +0 robe
rPois    .         Reflect  .   (no helmet)
rElec    .         Harm     .   l - +0 cloak
rCorr    .         Rampage  .   m - +0 pair of gloves
Will     .....     NoTele   +   (no boots)
Stlth    ..........             (no amulet)
HPRegen  0.11/turn              n - +2 ring of protection
MPRegen  0.09/turn              o - +3 ring of dexterity

@: berserking (expiring), wereblooded, very quick
A: change form in water, swift swim, stealthy swim
a: Renounce Religion


You were in the Dungeon.
You worshipped Sif Muna.
Sif Muna was noncommittal.
You visited 1 branch

Inventory:

Armour
 a - a +0 robe (worn)
 l - a +0 cloak (worn)
 m - a +0 pair of gloves (worn)
Jewellery
 n - a +2 ring of protection (left hand)
 o - a +3 ring of dexterity (right hand)
Wands
 k - a wand of acid (10)
Scrolls
 h - 2 scrolls of blinking
 i - 3 scrolls of remove curse
 j - 2 scrolls of amnesia
Potions
 b - a potion of invisibility
 c - 4 potions of curing
 d - 2 potions of heal wounds
 e - a potion of haste
 f - 4 potions of magic


   Skills:
 + Level 2.0 Fighting
 + Level 3.7 Dodging
 + Level 5.3 Unarmed Combat
 + Level 2.7 Spellcasting
 + Level 3.5 Transmutations


You had 3 spell levels left.
You knew the following spells:

 Your Spells              Type           Power        Failure   Level
a - Beastly Appendage     Tmut           20%          6%          1
b - Wereblood             Tmut           10%          9%          2

Your spell library contained the following spells:

 Spells                   Type           Power        Failure   Level
 Spider Form              Tmut/Pois      2%           36%         3
 Ice Form                 Ice/Tmut       5%           77%         4
 Blade Hands              Tmut           5%           85%         5


Dungeon Overview and Level Annotations

Branches:
Dungeon (1/1)

Altars:
Cheibriados
Dithmenos
Elyvilon
Fedhas
Gozag
Hepliaklqana
Kikubaaqudgha
Makhleb
Nemelex Xobeh
Okawaru
Qazlal
Ru
Sif Muna
Trog
Uskayaw
Vehumet
Wu Jian
Xom
Yredelemnul
Zin
The Shining One
Beogh
Jiyva
Lugonu


Message History

The vampire is moderately damaged.
The vampire misses you. The vampire closely misses you.
You hit the vampire.
The vampire is moderately damaged.
Your horns disappear.
You hit the vampire but do no damage.
The vampire is moderately damaged.
The vampire barely misses you. The vampire closely misses you.
You barely miss the vampire.
The vampire is moderately damaged.
Unknown command.
You hit the vampire but do no damage.
The vampire is moderately damaged.
The vampire hits you.
* * * LOW HITPOINT WARNING * * *
The vampire bites you but does no damage.
You closely miss the vampire.
The vampire is moderately damaged.
The vampire misses you. The vampire bites you.
You die... ▓▓▓▓▓▓▓▓▓▓▓▓▓▓▓▓▓▓▓▓▓▓▓▓ _______'..)...[.@V9o{Fh. ▓▓▓▓▓▓▓▓▓▓▓▓▓▓▓▓▓▓▓▓▓▓▓▓

You could see a vampire, a black bear, a gargoyle, a bullfrog and an orc wizard.

Vanquished Creatures
  An adder (D)
  3 orcs (D)
  A bat (D)
  A giant cockroach (D)
  A goblin (D)
  2 kobolds (D)
  A rat (D)
10 creatures vanquished.

Notes
Turn   | Place    | Note
-------+----------+-------------------------------------------
     0 | D        | mhtbhm the Merfolk Transmuter began the quest for the Orb.
     0 | D        | Reached XP level 1. HP: 15/15 MP: 3/3
    11 | D        | Reached skill level 4 in Unarmed Combat
    21 | D        | Reached XP level 2. HP: 21/21 MP: 5/5
    39 | D        | Reached skill level 5 in Unarmed Combat
   333 | D        | Learned a level 2 spell: Wereblood
   334 | D        | Found a roughly hewn altar of Beogh.
   334 | D        | Found a snail-covered altar of Cheibriados.
   334 | D        | Found a shadowy altar of Dithmenos.
   334 | D        | Found a white marble altar of Elyvilon.
   334 | D        | Found a blossoming altar of Fedhas.
   334 | D        | Found an opulent altar of Gozag.
   335 | D        | Found a hazy altar of Hepliaklqana.
   336 | D        | Found a viscous altar of Jiyva.
   337 | D        | Found an ancient bone altar of Kikubaaqudgha.
   338 | D        | Found a corrupted altar of Lugonu.
   339 | D        | Found a burning altar of Makhleb.
   340 | D        | Found a sparkling altar of Nemelex Xobeh.
   341 | D        | Found an iron altar of Okawaru.
   342 | D        | Found a stormy altar of Qazlal.
   345 | D        | Found a sacrificial altar of Ru.
   346 | D        | Found a shimmering blue altar of Sif Muna.
   347 | D        | Found a bloodstained altar of Trog.
   348 | D        | Found a hide-covered altar of Uskayaw.
   349 | D        | Found a radiant altar of Vehumet.
   350 | D        | Found an ornate altar of the Wu Jian Council.
   351 | D        | Found a shimmering altar of Xom.
   352 | D        | Found a basalt altar of Yredelemnul.
   353 | D        | Found a glowing silver altar of Zin.
   354 | D        | Became a worshipper of Sif Muna the Loreminder
   355 | D        | Found a glowing golden altar of the Shining One.
   397 | D        | Noticed a vampire
   397 | D        | Noticed a gargoyle
   397 | D        | Noticed a sky beast
   397 | D        | Noticed a bullfrog
   397 | D        | Noticed a black bear
   418 | D        | Slain by a vampire

Illustrated notes

Levels and vault maps discovered:
D:        linesprint [early_d, line_temple, items_1, d_10, items_2, lair_1,
          lair_end, items_3, orc_1, orc_end, items_4, d_15, swamp_1, shoals_1,
          snake_1, spider_1, d_20, vaults_1, items_5, swamp_end, shoals_end,
          snake_end, spider_end, vaults_end, d_27, items_6, zot_1, zot_end,
          crypt_end, forest_end, elf_end, slime_end, tomb_end, abyss_end,
          pan_hell_end]

Skill      XL: |  1  2 |
---------------+-------+-----
Dodging        | 3 |  3.7
Unarmed Combat | 4 5 |  5.3
Transmutations | 3 |  3.5
Fighting       | 2 |  2.0
Spellcasting   | |  2.7

Action                   || total
-------------------------++-------
Melee: Unarmed           ||    60
       Headbutt          ||     8
       Punch             ||     1
 Cast: Beastly Appendage ||     4
       Wereblood         ||     1
  Use: Potion            ||     3
Armor: Robe              ||     4
Dodge: Dodged            ||    39

Table legend: (Time is in decaauts)
 A = Elapsed time spent in this place.
 B = Non-inter-level travel time spent in this place.
 C = Inter-level travel time spent in this place.
 D = Time resting spent in this place.
 E = Time spent auto-exploring this place.
 F = Levels seen in this place.
 G = Mean time per level.
                   A        B        C        D        E       F      G
               +--------+--------+--------+--------+--------+-----+--------+
         Total |    406 |    406 |      0 |    269 |      3 |   1 |  406.0 |
       Dungeon |    406 |    406 |      0 |    269 |      3 |   1 |  406.0 |
               +--------+--------+--------+--------+--------+-----+--------+

Top non-repeatable levels by time:
       D: 406 daAuts
